 Dungeon Crawl Stone Soup version 0.30-a0-4-ga7cffc901d (webtiles) character file.

Game seed: 12429975317740074542

201 frimble the Digger (level 5, -2/36 HPs)
             Began as a Demonspawn Earth Elementalist on Aug 20, 2022.
             Was an Initiate of Cheibriados.
             Slain by an orc
             ... wielding a +0 flail
              (8 damage)
             ... on level 5 of the Dungeon.
             The game lasted 00:03:46 (3046 turns).

frimble the Digger (Demonspawn Earth Elementalist)  Turns: 3046, Time: 00:03:47

Health: -2/36      AC:  5    Str:  9    XL:     5   Next: 50%
Magic:  0/8        EV: 12    Int: 18    God:    Cheibriados [......]
Gold:   145        SH:  0    Dex: 16    Spells: 7/8 levels left

rFire   + . .      SeeInvis .    j - +0 long sword
rCold   . . .      Faith    .    (no shield)
rNeg    . . .      Spirit   +    a - +0 robe
rPois   .          Reflect  .    (no helmet)
rElec   .          Harm     .    (no cloak)
rCorr   .          Rampage  .    k - +0 pair of gloves
Will    .....                    (no boots)
Stlth   ++........               (no amulet)
HPRegen 0.12/turn                d - ring of protection from fire
MPRegen 0.22/turn                (no ring)

@: slow
A: molten scales 1, magic shield, magic regeneration
a: Renounce Religion


You were on level 5 of the Dungeon.
You worshipped Cheibriados.
Cheibriados was noncommittal.
You visited 1 branch of the dungeon, and saw 5 of its levels.

You collected 145 gold pieces.

Inventory:

Hand Weapons
 j - a +0 long sword (weapon)
Armour
 a - a +0 robe (worn)
 k - a +0 pair of gloves (worn)
Jewellery
 d - a ring of protection from fire (left hand)
Scrolls
 e - a scroll of enchant armour {unknown}
 f - a scroll of enchant weapon
 i - a scroll of poison
 l - a scroll of blinking {unknown}
 m - a scroll of noise {unknown}
Potions
 b - a potion of magic
 c - 4 potions of lignification {unknown}
 g - 2 potions of flight {unknown}
 h - 2 potions of attraction {unknown}
 n - a potion of brilliance {unknown}


   Skills:
 + Level 0.9 Fighting
 + Level 1.9 Long Blades
 - Level 1.7 Dodging
 - Level 1.7 Stealth
 - Level 2.0 Spellcasting
 + Level 3.1 Transmutations
 - Level 4.0 Earth Magic


You had 7 spell levels left.
You knew the following spells:

 Your Spells              Type           Power      Damage    Failure   Level
a - Sandblast             Erth           32%        2d9       3%          1

Your spell library contained the following spells:

 Spells                   Type           Power      Damage    Failure   Level
 Passwall                 Tmut/Erth      11%        N/A       6%          2
 Stone Arrow              Conj/Erth      18%        3d8       24%         3
 Petrify                  Tmut/Erth      14%        N/A       38%         4
 Borgnjor's Revivificati  Necr           0%         N/A       100%        8
 Necromutation            Tmut/Necr      3%         N/A       100%        8
 Death's Door             Necr           0%         N/A       100%        9


Dungeon Overview and Level Annotations

Branches:
Dungeon (5/15)
 Temple: D:4-7

Altars:
Ashenzari
Cheibriados
Hepliaklqana
Ru

Annotations:
D:2 Sigmund


Innate Abilities, Weirdness & Mutations

You are partially covered in molten scales. (AC +2)
When hurt, damage is shared between your health and your magic reserves.
You regenerate magic rapidly.


Message History

Where to? (Enter - D:4 @ (x,y), ? - help)
There is a hazy altar of Hepliaklqana here.
There is a stone staircase leading down here.
You climb downwards.
Found a golden potion.
There is a stone staircase leading up here.
n - a golden potion You open the door.
There is an open door here.
Found an escape hatch in the ceiling.
No target in view!
No target in view!
No target in view! 2 orcs come into view.
The orc shouts!
An orc comes into view. It is wielding a +0 flail.
The orc moves out of view.
An orc comes into view. It is wielding a +0 mace.
An orc priest comes into view. It is wielding a +0 falchion.
The orc shouts!
The orc hits you but does no damage. The orc hits you with a +0 trident!
You barely miss the orc. The orc hits you but does no damage.
You slash the orc!
You kill the orc!
Cheibriados appreciates the change of pace.
You closely miss the orc. The orc hits you but does no damage. x2
You hit the orc.
The orc is severely wounded.
The orc hits you with a +0 flail.
You hit the orc but do no damage.
The orc is severely wounded.
The orc barely misses you.
You closely miss the orc.
The orc is severely wounded.
The orc hits you with a +0 flail!
The orc priest calls down the wrath of Beogh upon you.
Beogh smites you!
* * * LOW HITPOINT WARNING * * *
The orc hits you with a +0 flail!
You die...

#.........#
##......####
..###...........
#..o.......####
.....<.####.##
....### #o## ...
##..# ..
#...######.# o
#..ooo@....#
#...########
#...# #...#
#...# #...#
#...# #...


You could see an orc priest and 2 orcs.

Vanquished Creatures
  A hound (D:4)
  A jelly (D:4)
  An iguana (D:4)
  3 gnolls (D:4)
  5 adders
  A worm (D:3)
  A dart slug (D:3)
  An orc (D:5)
  4 ball pythons
  2 endoplasms
  2 giant cockroaches
  4 goblins
  A hobgoblin (D:1)
  2 jackals (D:2)
  2 kobolds (D:3)
  A quokka (D:3)
  A frilled lizard (D:1)
  5 rats
38 creatures vanquished.

Vanquished Creatures (others)
  A plant (D:4)
1 creature vanquished.

Grand Total: 39 creatures vanquished

Notes
Turn   | Place    | Note
-------+----------+-------------------------------------------
     0 | D:1      | frimble the Demonspawn Earth Elementalist began the quest
                  | for the Orb.
     0 | D:1      | Reached XP level 1. HP: 13/13 MP: 3/3
    64 | D:1      | Found a faded altar of an unknown god.
   129 | D:1      | Reached skill level 1 in Transmutations
   590 | D:1      | Reached skill level 3 in Earth Magic
   590 | D:1      | Gained mutation: You regenerate magic rapidly. [demonic
                  | ancestry]
   590 | D:1      | Reached XP level 2. HP: 17/19 MP: 5/5
  1116 | D:2      | Reached XP level 3. HP: 24/24 MP: 4/6
  1215 | D:2      | Noticed Sigmund
  1850 | D:4      | Gained mutation: When hurt, damage is shared between your
                  | health and your magic reserves. [demonic ancestry]
  1850 | D:4      | Reached XP level 4. HP: 27/30 MP: 7/7
  1933 | D:4      | Reached skill level 1 in Long Blades
  2101 | D:4      | Reached skill level 4 in Earth Magic
  2101 | D:4      | Gained mutation: You are partially covered in molten
                  | scales. (AC +2) [demonic ancestry]
  2101 | D:4      | Reached XP level 5. HP: 35/35 MP: 5/8
  2272 | D:4      | Found a snail-covered altar of Cheibriados.
  2273 | D:4      | Found a sacrificial altar of Ru.
  2275 | D:4      | Found a hazy altar of Hepliaklqana.
  2593 | D:4      | Found a broken altar of Ashenzari.
  2967 | D:4      | Became a worshipper of Cheibriados the Contemplative
  2999 | D:5      | Entered Level 5 of the Dungeon
  3046 | D:5      | Slain by an orc

Illustrated notes

Levels and vault maps discovered:
D:1:      nagdon_arrival_zigzag_paths, layout_basic,
          shapermc_ecumenical_altar_totnotflames
D:2:      layout_basic, chequers_serial_rivers_room_b, st_stairs_2,
          dk_noncrumbling_4, uniq_sigmund, uniq_jessica, uniq_robin
D:3:      layout_basic
D:4:      layout_loops_ring, ashenzari_altar_1, grunt_temple_overflow_open,
          portal_sewer_entry_d, serial_bayou_lagoon_a
D:5:      layout_basic, makhleb_blood_cavern_becter, gammafunk_ghost_icy,
          nicolae_underground_beach

Skill      XL: |  1  2  3  4  5 |
---------------+----------------+-----
Transmutations | 1 2 3 |  3.1
Earth Magic    | 3 4 |  4.0
Long Blades    | 1 |  1.9
Fighting       | |  0.9
Dodging        | |  1.7
Stealth        | |  1.7
Spellcasting   | |  2.0

Action                   |  1- 3 |  4- 6 || total
-------------------------+-------+-------++-------
Melee: Unarmed           |     7 |       ||     7
       Long sword        |    15 |    40 ||    55
       Punch             |     1 |       ||     1
 Cast: Sandblast         |    32 |    19 ||    51
  Use: Scroll            |     5 |       ||     5
 Stab: Sleeping          |     2 |       ||     2
Armor: Robe              |     2 |    16 ||    18
Dodge: Dodged            |    22 |    48 ||    70

Table legend: (Time is in decaauts)
 A = Elapsed time spent in this place.
 B = Non-inter-level travel time spent in this place.
 C = Inter-level travel time spent in this place.
 D = Time resting spent in this place.
 E = Time spent auto-exploring this place.
 F = Levels seen in this place.
 G = Mean time per level.
                   A        B        C        D        E       F      G
               +--------+--------+--------+--------+--------+-----+--------+
         Total |   3110 |   3009 |    101 |      0 |   2534 |   5 |  622.0 |
       Dungeon |   3110 |   3009 |    101 |      0 |   2534 |   5 |  622.0 |
               +--------+--------+--------+--------+--------+-----+--------+

Top non-repeatable levels by time:
     D:4: 1254 daAuts
     D:1: 811 daAuts
     D:3: 521 daAuts
     D:2: 465 daAuts
     D:5: 58 daAuts
